[Event "Team 45 45 League T51"]
[Site "Internet Chess Club"]
[Date "2011.11.11"]
[Round "1"]
[White "UsuallySleepy"]
[Black "Sir-Sinister"]
[Result "1/2-1/2"]
[WhiteElo "1918"]
[BlackElo "1864"]
[Opening "Giuoco Pianissimo"]
[ECO "C55"]
[Time "20:01:55"]
[TimeControl "2700+45"]

1. e4 Nc6 2. Nf3 e5 3. Bc4 Nf6 4. d3 Bc5 5. c3 a6 6. O-O O-O 7. Nbd2 d6 8. Bb3
Bg4 9. Re1 Qd7 10. Nf1 Bh5 11. Ng3 Bg6 12. Be3 Rad8 13. h3 Qe7 14. Nh4 Bxe3 15.
Rxe3 d5 16. Nhf5 Qc5 17. exd5 Nxd5 18. Re4 Rd7 19. Qf3 Rfd8 20. Rd1 Nf6 21. Re3
Qb5 22. Kh2 e4 23. dxe4 Rxd1 24. Bxd1 Qxb2 25. Bb3 Re8 26. Nh6+ Kf8 27. Ng4
Nxg4+ 28. Qxg4 Qxf2 29. Rf3 Qb6 30. Qxg6 hxg6 31. Rxf7+ Kg8 32. Rf4+ Qxb3 33.
axb3 Ne5 34. Kg1 Rd8 35. Rf1 Rd3 36. Ne2 Re3 37. Kf2 Rxe4 38. Rd1 Nc6 39. Rd7
Re7 40. Rd5 Rf7+ 41. Kg3 Re7 42. Kf2 Rf7+ 43. Kg3 Re7 {Game drawn by mutual
agreement} 1/2-1/2

[Event "Team 45 45 League T51"]
[Site "Internet Chess Club"]
[Date "2011.11.12"]
[Round "1"]
[White "gwolff"]
[Black "LAgenieMP"]
[Result "0-1"]
[WhiteElo "1814"]
[BlackElo "1860"]
[Opening "King's Indian with e4 & g3"]
[ECO "E72"]
[Time "12:01:22"]
[TimeControl "2700+45"]

1. d4 Nf6 2. c4 g6 3. Nc3 d6 4. e4 Bg7 5. g3 O-O 6. Bg2 e5 7. Nf3 exd4 8. Nxd4
Nc6 9. Nxc6 bxc6 10. O-O Be6 11. Qa4 Nd7 12. Bd2 Nb6 13. Qxc6 Nxc4 14. Bf4 Nxb2
15. Rab1 Bd7 16. Qb7 Rb8 17. Qxa7 Bxc3 18. Rfc1 Na4 19. Rb3 Ra8 20. Qe3 Bg7 21.
e5 dxe5 22. Bg5 f6 23. Bxa8 Qxa8 24. Rxc7 Be6 25. Rbb7 Rf7 26. Ra7 Qe8 27. Rxf7
Bxf7 28. Qe4 Nb6 29. Be3 f5 30. Qb7 Nc8 31. Ra8 Be6 32. a4 h6 33. a5 Qd8 34. Qb1
Qd5 35. Ra6 g5 36. g4 f4 37. Qg6 Qd1+ {White resigns} 0-1

[Event "Team 45 45 League T51"]
[Site "Internet Chess Club"]
[Date "2011.11.11"]
[Round "1"]
[White "badmove"]
[Black "Kheeljoi"]
[Result "0-1"]
[WhiteElo "1715"]
[BlackElo "1758"]
[Opening "King's Indian: 5.Nf3"]
[ECO "E90"]
[Time "15:02:11"]
[TimeControl "2700+45"]

1. d4 Nf6 2. c4 g6 3. Nc3 Bg7 4. e4 d6 5. Nf3 O-O 6. h3 c5 7. d5 Re8 8. Bd3 Na6
9. Bg5 h6 10. Be3 Kh7 11. g4 Nd7 12. a3 Nc7 13. Qc2 a6 14. h4 b5 15. h5 g5 16.
Bxg5 hxg5 17. Nxg5+ Kg8 18. h6 Bf6 19. h7+ Kg7 20. Qd2 Ne5 21. Be2 bxc4 22.
O-O-O Rb8 23. Rh2 Nb5 24. Rdh1 Nxc3 25. bxc3 Kh8 26. f4 Bxg5 27. fxg5 Bxg4 28.
Bxg4 Nxg4 29. g6 fxg6 30. Rg2 Ne5 31. Rh6 Qa5 32. Qg5 Qxa3+ 33. Kd1 Rb1+ 34. Ke2
{White resigns} 0-1

[Event "Team 45 45 League T51"]
[Site "Internet Chess Club"]
[Date "2011.11.11"]
[Round "1"]
[White "quotha"]
[Black "Kingofknights"]
[Result "1-0"]
[WhiteElo "1744"]
[BlackElo "1743"]
[Opening "Caro-Kann: advance variation"]
[ECO "B12"]
[Time "14:01:27"]
[TimeControl "2700+45"]

1. e4 c6 2. d4 d5 3. e5 Bf5 4. Bd3 Bxd3 5. Qxd3 e6 6. Ne2 c5 7. c3 Nc6 8. O-O
Qc7 9. Kh1 a6 10. f4 Nh6 11. Ng3 cxd4 12. cxd4 Nb4 13. Qc3 Qxc3 14. Nxc3 Nc2 15.
Rb1 Nxd4 16. Rd1 Nc6 17. a3 Ng4 18. Rf1 Bc5 19. Nh5 O-O 20. b4 Bd4 21. b5 Ncxe5
22. Ne2 Ba7 23. fxe5 Nxe5 24. b6 Bb8 25. Bb2 f6 26. Nd4 Kf7 27. Nb3 Nc4 28. Bc1
Bd6 29. a4 a5 30. Nd4 Ra6 31. Nxe6 Kxe6 32. Nxg7+ Kd7 33. Nf5 Be5 34. Bh6 Rf7
35. Rb5 d4 36. Rc1 Nd6 37. Rc7+ Kd8 38. Nxd6 Bxd6 39. Rxf7 Be5 40. Rxb7 Ra8 41.
Rxh7 {Black resigns} 1-0

[Event "Team 45 45 League T51"]
[Site "Internet Chess Club"]
[Date "2011.11.13"]
[Round "1"]
[White "jjmolina"]
[Black "Pacini"]
[Result "0-1"]
[WhiteElo "1792"]
[BlackElo "2039"]
[Opening "Sicilian: dragon, Yugoslav attack, Rauser variation"]
[ECO "B76"]
[Time "16:12:47"]
[TimeControl "2700+45"]

1. e4 c5 2. Nf3 g6 3. d4 cxd4 4. Nxd4 Nc6 5. Be3 Bg7 6. Nc3 d6 7. f3 Nf6 8. Qd2
O-O 9. O-O-O d5 10. exd5 Nxd5 11. Nxc6 bxc6 12. Nxd5 cxd5 13. Qxd5 Qc7 14. Qc4
Qa5 15. Bd2 Qe5 16. Bc3 Qe3+ 17. Bd2 Qf2 18. Qe2 Qb6 19. Qb5 Qxb5 20. Bxb5 Rb8
21. Bc4 Bxb2+ 22. Kb1 Bg7+ 23. Bb3 Be6 24. Rhe1 Rfc8 25. Bf4 Rb5 26. Re2 a5 27.
Red2 Bc3 28. Rd8+ Kg7 29. Rxc8 Bxc8 30. Rd5 Rxd5 31. Bxd5 Kf6 32. Kc1 Be6 33.
Bxe6 Kxe6 34. Bd2 Bxd2+ 35. Kxd2 Kd5 36. Kd3 e5 37. Kc3 f5 38. Kd3 Kc5 39. Kc3
e4 40. Kd2 Kd4 41. fxe4 fxe4 42. c3+ Kc4 43. Ke3 Kxc3 44. Kxe4 Kb2 45. Kd3 Kxa2
46. Kc2 g5 47. h3 h5 48. g3 g4 49. hxg4 hxg4 50. Kc3 Kb1 51. Kb3 Kc1 52. Ka4 Kd2
53. Kxa5 Ke3 54. Kb4 Kf3 55. Kc3 Kxg3 56. Kd3 Kf2 57. Ke4 g3 {White resigns} 0-1

[Event "Team 45 45 League T51"]
[Site "Internet Chess Club"]
[Date "2011.11.13"]
[Round "1"]
[White "smyslovVchess"]
[Black "frank001"]
[Result "0-1"]
[WhiteElo "1827"]
[BlackElo "1709"]
[Opening "Caro-Kann: advance variation"]
[ECO "B12"]
[Time "03:00:58"]
[TimeControl "2700+45"]

1. e4 c6 2. d4 d5 3. e5 Bf5 4. g4 Be4 5. f3 Bg6 6. h4 h5 7. g5 e6 8. Ne2 c5 9.
Ng3 a6 10. Be3 cxd4 11. Bxd4 Nc6 12. c3 Nxd4 13. Qxd4 Rc8 14. Nd2 b5 15. b4 Qc7
16. Rc1 Ne7 17. Nb3 Nc6 18. Qe3 Qxe5 19. Kf2 Qxe3+ 20. Kxe3 Bd6 21. Kf2 Bf4 22.
Rd1 O-O 23. Bd3 Bxd3 24. Rxd3 g6 25. Ne2 Bd6 26. a3 Ne5 27. Rdd1 Rc4 28. Ned4
Rfc8 29. Ne2 Kg7 {White resigns} 0-1

[Event "Team 45 45 League T51"]
[Site "Internet Chess Club"]
[Date "2011.11.12"]
[Round "1"]
[White "IceBox"]
[Black "leandro-fire"]
[Result "1-0"]
[WhiteElo "1785"]
[BlackElo "1675"]
[Opening "Queen's pawn game, Darooha variation "]
[ECO "D02"]
[Time "11:03:23"]
[TimeControl "2700+45"]

1. d4 d5 2. Nf3 Nf6 3. c3 e6 4. Bg5 Be7 5. e3 c5 6. Bd3 Qb6 7. Qb3 c4 8. Qxb6
axb6 9. Bc2 b5 10. a3 b4 11. O-O Nc6 12. Nbd2 bxa3 13. bxa3 Rxa3 14. Rxa3 Bxa3
15. Rb1 O-O 16. e4 dxe4 17. Bxf6 exf3 18. Bg5 f6 19. Be3 fxg2 20. Nxc4 Be7 21.
Nb6 Bd6 22. Be4 f5 23. Bxg2 f4 24. Bd2 f3 25. Bh3 Kf7 26. Re1 Ne7 27. Nxc8 Nxc8
28. Bxe6+ Kf6 29. Bd5 b6 30. Bxf3 g5 31. Bg4 h5 32. Bxh5 Rh8 33. Bg4 Bxh2+ 34.
Kg2 Bc7 35. Re6+ Kf7 36. Rc6 {Black resigns} 1-0

[Event "Team 45 45 League T51"]
[Site "Internet Chess Club"]
[Date "2011.11.12"]
[Round "1"]
[White "vigneshv"]
[Black "Heian"]
[Result "0-1"]
[WhiteElo "1608"]
[BlackElo "1724"]
[Opening "QGD: semi-Slav"]
[ECO "D31"]
[Time "14:01:07"]
[TimeControl "2700+45"]

1. d4 d5 2. c4 e6 3. Nc3 c6 4. e3 f5 5. Nf3 Nf6 6. Bd3 Bd6 7. Bd2 O-O 8. cxd5
exd5 9. O-O g6 10. Qb3 Kg7 11. Rac1 Nbd7 12. Na4 Ne4 13. Bxe4 fxe4 14. Ne1 Qh4
15. h3 Nf6 16. Bb4 Bxb4 17. Qxb4 Rf7 18. Qd6 Bf5 19. Nc5 Raf8 20. f3 Qg5 21.
fxe4 Nxe4 22. Nxe4 Qxe3+ 23. Nf2 Qxc1 24. Qe5+ Kg8 25. b3 Qd2 26. Nf3 Qh6 27.
Re1 Bc8 28. Qg3 Qg7 29. Qe5 Rxf3 30. Qxg7+ Kxg7 31. gxf3 Rxf3 32. Re7+ Rf7 33.
Re8 Bf5 34. Ra8 a6 35. h4 Bb1 36. a3 h5 37. b4 Kf6 38. Ng4+ hxg4 {White resigns}
0-1

[Event "Team 45 45 League T51"]
[Site "Internet Chess Club"]
[Date "2011.11.14"]
[Round "1"]
[White "HiddenDeath"]
[Black "Ptzz"]
[Result "1-0"]
[WhiteElo "1985"]
[BlackElo "2058"]
[Opening "QGD Slav: 4.Nc3"]
[ECO "D15"]
[Time "09:00:37"]
[TimeControl "2700+45"]

1. d4 d5 2. c4 c6 3. Nf3 Nf6 4. Nc3 a6 5. e3 b5 6. c5 Nbd7 7. Bd3 a5 8. O-O Qc7
9. Re1 e6 10. e4 dxe4 11. Nxe4 Nxe4 12. Bxe4 Nf6 13. Bc2 Be7 14. Bg5 Ba6 15. a3
Nd5 16. Bxe7 Qxe7 17. Ne5 Rc8 18. Qh5 Rc7 19. Rad1 Kd8 20. Be4 Qf6 21. Bxd5 exd5
22. Re3 g6 23. Rf3 Qg7 24. Qg5+ Kc8 25. Qf6 Qxf6 26. Rxf6 Bb7 27. Nxf7 Rg8 28.
Nd6+ Kb8 29. Re1 Ka7 30. f3 g5 31. Re5 g4 32. f4 b4 33. g3 bxa3 34. bxa3 Ba6 35.
Rf7 Rxf7 36. Nxf7 Rb8 37. Re7+ Ka8 38. Ne5 Rb1+ 39. Kf2 Rb2+ 40. Ke1 Bb5 41.
Nxg4 Rb3 42. f5 Rxa3 43. f6 Rf3 44. f7 a4 45. Re8+ Ka7 46. f8=Q Rxf8 47. Rxf8 a3
48. Rf3 {Black resigns} 1-0

[Event "Team 45 45 League T51"]
[Site "Internet Chess Club"]
[Date "2011.11.12"]
[Round "1"]
[White "Jack-ONeill"]
[Black "Fezzik"]
[Result "0-1"]
[WhiteElo "2024"]
[BlackElo "2073"]
[Opening "Sicilian: closed"]
[ECO "B23"]
[Time "14:01:48"]
[TimeControl "2700+45"]

1. e4 c5 2. Nc3 e6 3. f4 Nc6 4. Nf3 Nge7 5. e5 d5 6. d4 Nf5 7. Ne2 Ncxd4 8.
Nexd4 cxd4 9. Nxd4 Qh4+ 10. Ke2 Qh5+ 11. Nf3 Bc5 12. Ke1 Bd7 13. Bd3 Ng3 14. Rf1
Nxf1 15. Kxf1 O-O 16. Qe2 f6 17. exf6 Rxf6 18. Be3 Bxe3 19. Qxe3 Raf8 {White
resigns} 0-1

[Event "Team 45 45 League T51"]
[Site "Internet Chess Club"]
[Date "2011.11.14"]
[Round "1"]
[White "Pacini"]
[Black "Despair"]
[Result "1/2-1/2"]
[WhiteElo "2037"]
[BlackElo "1989"]
[Opening "Robatsch (modern) defense"]
[ECO "B06"]
[Time "23:13:23"]
[TimeControl "2700+45"]

1. e4 g6 2. d4 Bg7 3. Be3 b6 4. Nf3 Bb7 5. Bd3 d6 6. Nbd2 Nd7 7. c3 Ngf6 8. h3
c5 9. d5 O-O 10. O-O e6 11. c4 Qc7 12. Rb1 exd5 13. exd5 Rfe8 14. Re1 Re7 15.
Bg5 Rxe1+ 16. Qxe1 Re8 17. Qf1 h6 18. Bf4 Nh5 19. Bh2 Ne5 20. Nxe5 Bxe5 21. Re1
Qd7 22. Bxe5 Rxe5 23. Rxe5 dxe5 24. Qe1 Nf4 25. Bc2 f6 26. Nf3 Kh7 27. Nh4 Kg7
28. Qe4 Qf7 29. Kh2 Bc8 30. b3 Bd7 31. a3 b5 32. a4 bxc4 33. bxc4 Qe8 34. Qe3
Bxa4 35. Bxa4 Qxa4 36. Qxc5 Qd7 37. Nf3 h5 38. Nd2 g5 39. Ne4 g4 40. h4 Ng6 41.
g3 f5 42. Ng5 f4 43. d6 fxg3+ 44. fxg3 Qb7 45. Qf2 Nf8 46. c5 Qd5 47. Qc2 Qc6
48. Qc4 Qb7 49. Qa2 Qd7 50. Qd5 Qf5 51. c6 Qc2+ 52. Kg1 Qb1+ 53. Kf2 Qc2+ 54.
Ke3 Qc1+ 55. Ke4 Qe1+ 56. Kf5 Qf2+ 57. Kxe5 Qxg3+ 58. Kd4 Qf2+ 59. Kc4 Qa2+ 60.
Kc5 Qa5+ 61. Kd4 Qd2+ 62. Ke5 Ng6+ 63. Ke4 Qg2+ 64. Kd4 Qd2+ {Game drawn by
mutual agreement} 1/2-1/2

[Event "Team 45 45 League T51"]
[Site "Internet Chess Club"]
[Date "2011.11.13"]
[Round "1"]
[White "ivanson"]
[Black "gerailen0075"]
[Result "1/2-1/2"]
[WhiteElo "1798"]
[BlackElo "1885"]
[Opening "Sicilian: Taimanov (Bastrikov) variation"]
[ECO "B47"]
[Time "14:00:20"]
[TimeControl "2700+45"]

1. e4 c5 2. Nf3 e6 3. d4 cxd4 4. Nxd4 Nc6 5. Nc3 Qc7 6. g3 a6 7. Bg2 d6 8. Nxc6
bxc6 9. O-O Nf6 10. Re1 e5 11. Bg5 Be7 12. Bxf6 Bxf6 13. Qd2 Be6 14. Rad1 Be7
15. a3 O-O 16. Qe2 a5 17. Na4 Qb7 18. Qd3 c5 19. b3 Rfc8 20. Nb2 a4 21. Nc4 axb3
22. cxb3 Bxc4 23. bxc4 Ra4 24. Ra1 Qa6 25. Bf1 Ra8 26. Re3 Bd8 27. Qb3 Bc7 28.
Be2 Rb8 29. Qc2 Rab4 30. Ra2 Rb1+ 31. Kg2 Qa5 32. Bd3 Bd8 33. Qxb1 Rxb1 34. Bxb1
Bg5 35. Rb3 g6 36. a4 Bd2 37. Rb5 Qc3 38. Rc2 Qd4 39. Rbb2 Qxe4+ 40. Kh3 Qf5+
41. Kg2 Qe4+ 42. Kh3 Qf5+ 43. Kg2 Qe4+ {Game drawn by repetition} 1/2-1/2

[Event "Team 45 45 League T51"]
[Site "Internet Chess Club"]
[Date "2011.11.11"]
[Round "1"]
[White "jorobo"]
[Black "Chatica"]
[Result "0-1"]
[WhiteElo "1946"]
[BlackElo "2223"]
[Opening "Old Indian defense"]
[ECO "A42"]
[Time "22:05:33"]
[TimeControl "2700+45"]

1. c4 d6 2. d4 e5 3. dxe5 dxe5 4. Qxd8+ Kxd8 5. Nc3 Be6 6. e4 c6 7. f4 Bb4 8.
fxe5 Bxc3+ 9. bxc3 Ne7 10. Ba3 Ng6 11. Nf3 Nd7 12. Bd6 c5 13. h3 h6 14. g3 Ne7
15. a4 Rc8 16. a5 Rc6 17. Rh2 Ra6 18. Rb2 b6 19. Rba2 Nc8 20. axb6 Rxa2 21. Rxa2
axb6 22. Ra8 Re8 23. Kd2 Nf8 24. Rb8 Ng6 25. g4 Bd7 26. Bd3 Bc6 27. h4 Kd7 28.
h5 Nf4 29. Rxc8 Rxc8 30. Bc2 Ra8 31. Ke3 Ne6 32. Nh4 Ra1 33. Nf5 Rg1 34. Kf3 Rc1
35. Ne3 Ng5+ 36. Kf4 Rh1 37. Nd5 Rh3 38. Bd1 Ne6+ 39. Kf5 Rh1 40. Nxb6+ Kd8 41.
Be2 Rh2 {White resigns} 0-1

[Event "Team 45 45 League T51"]
[Site "Internet Chess Club"]
[Date "2011.11.13"]
[Round "1"]
[White "alexping"]
[Black "livis"]
[Result "0-1"]
[WhiteElo "1927"]
[BlackElo "2015"]
[Opening "QGD Slav/Grünfeld: Schlechter variation"]
[ECO "D15"]
[Time "12:00:23"]
[TimeControl "2700+45"]

1. d4 d5 2. c4 c6 3. Nc3 Nf6 4. Nf3 g6 5. g3 Bg7 6. Bg2 O-O 7. O-O Na6 8. cxd5
cxd5 9. Qb3 h6 10. Bf4 e6 11. Be5 Ng4 12. Bxg7 Kxg7 13. h3 Nf6 14. Ne5 Rb8 15.
Nb5 Qb6 16. a4 Ra8 17. a5 Qd8 18. Rfc1 Nd7 19. Qe3 Nxe5 20. dxe5 Nb4 21. Nc7 Rb8
22. Qxa7 Bd7 23. Qc5 Nc6 24. Qd6 Rc8 25. Nb5 Ra8 26. b4 Kg8 27. Nc3 Nd4 28. Rd1
Nc6 29. Na4 Qe8 30. Nb6 Rd8 31. Qc7 Nxb4 32. Qxb7 Bc6 33. Qc7 Na6 34. Qa7 Bb5
35. Bf1 f5 36. Na4 Bxa4 37. Qxa6 Bxd1 38. Rxd1 Ra8 39. Qb6 Rb8 40. Qc7 Rf7 41.
Qd6 Rd7 42. Qc6 Ra7 43. Rc1 Qxc6 44. Rxc6 Rxa5 45. Rxe6 Rb1 46. Rxg6+ Kh7 47.
Rd6 Raa1 48. Rxd5 Rxf1+ 49. Kg2 Rfe1 50. e3 Kg6 51. Rd6+ Kg7 52. Rf6 Ra2 53.
Rxf5 Rxe3 54. Kf1 Re4 55. g4 Rae2 56. Kg2 Rxe5 57. Rf3 Re6 58. Kf1 Rb2 59. Rg3
Kg6 60. h4 h5 61. g5 Re4 62. Rh3 Rbb4 {White resigns} 0-1

[Event "Team 45 45 League T51"]
[Site "Internet Chess Club"]
[Date "2011.11.14"]
[Round "1"]
[White "azbycx"]
[Black "Troparion"]
[Result "1/2-1/2"]
[WhiteElo "1801"]
[BlackElo "1826"]
[Opening "Old Benoni defense"]
[ECO "A46"]
[Time "23:00:11"]
[TimeControl "2700+45"]

1. d4 Nf6 2. Nf3 c5 3. d5 b5 4. Bf4 Bb7 5. d6 exd6 6. Bxd6 Bxd6 7. Qxd6 Qb6 8.
Qe5+ Kf8 9. Nbd2 Nc6 10. Qd6+ Kg8 11. c3 h6 12. e3 h5 13. Bd3 Nb4 14. Qxb6 Nxd3+
15. Ke2 Nf4+ 16. exf4 axb6 17. Rhe1 g6 18. Kf1 Kg7 19. Re2 b4 20. c4 d5 21. Re7
Ba6 22. Ne5 Rhf8 23. b3 Ng4 24. Ndf3 dxc4 25. Nxc4 Bxc4+ 26. bxc4 b3 27. a4 Kf6
28. Rb7 Rfb8 29. Rxb8 Rxb8 30. Rb1 Ra8 31. Rxb3 Rxa4 32. Rxb6+ Ke7 33. h3 Ra1+
34. Ke2 Ra2+ 35. Ke1 Nxf2 36. Ne5 f6 37. Nxg6+ Kf7 38. f5 Nd3+ 39. Kd1 Rxg2 40.
Rb7+ Kg8 41. Rb8+ Kg7 42. Rb7+ Kh6 43. h4 Nb2+ 44. Ke1 Nxc4 45. Rc7 Ne3 46. Rxc5
Rh2 47. Rc6 Ng4 48. Rc8 Rf2 49. Rc5 Rh2 50. Rc8 Kg7 51. Rc7+ Kh6 52. Rc8 {Game
drawn by repetition} 1/2-1/2

[Event "Team 45 45 League T51"]
[Site "Internet Chess Club"]
[Date "2011.11.11"]
[Round "1"]
[White "zbence"]
[Black "Tamarin"]
[Result "0-1"]
[WhiteElo "1776"]
[BlackElo "1812"]
[Opening "Evans gambit: Tartakower attack"]
[ECO "C52"]
[Time "18:30:36"]
[TimeControl "2700+45"]

1. e4 e5 2. Nf3 Nc6 3. Bc4 Bc5 4. b4 Bxb4 5. c3 Ba5 6. d4 d6 7. Qb3 Qd7 8. O-O
Bb6 9. Bb5 a6 10. Ba4 Ba7 11. Bxc6 Qxc6 12. dxe5 Ne7 13. exd6 Qxd6 14. Ba3 Qe6
15. Qc2 O-O 16. Nbd2 Re8 17. Ng5 Qg6 18. Ngf3 Bh3 19. Nh4 Qg4 20. Kh1 Qxh4 21.
gxh3 Qxh3 22. f4 Ng6 23. Rf3 Qd7 24. Raf1 Rad8 25. Nc4 Qe6 26. Ne5 Nxe5 27. fxe5
Rd7 28. Rf5 Red8 29. Bc1 h6 30. Qe2 Qg6 31. R5f3 Qg4 32. Qc4 Rd1 33. Qxf7+ Kh8
34. Be3 Rxf1+ 35. Rxf1 Qxe4+ 36. Qf3 Qxe3 37. Qxb7 Qe2 38. Rb1 Rd1+ 39. Rxd1
Qxd1+ 40. Kg2 Qd2+ 41. Kf3 Qf2+ 42. Kg4 h5+ 43. Kg5 Be3+ 44. Kg6 Qc2+ 45. Kf7
Qf5+ 46. Ke8 Qe6+ {White resigns} 0-1

[Event "Team 45 45 League T51"]
[Site "Internet Chess Club"]
[Date "2011.11.13"]
[Round "1"]
[White "rookmaster23"]
[Black "chesskix"]
[Result "1-0"]
[WhiteElo "1532"]
[BlackElo "1455"]
[Opening "Dutch: classical variation"]
[ECO "A96"]
[Time "14:04:22"]
[TimeControl "2700+45"]

1. d4 f5 2. g3 e6 3. Bg2 Nf6 4. Nf3 Be7 5. O-O O-O 6. c4 d6 7. b3 Nbd7 8. Ba3
Ne4 9. Nfd2 Ndf6 10. Nxe4 Nxe4 11. Bxe4 fxe4 12. Nc3 e3 13. fxe3 Bg5 14. Bc1 Bd7
15. e4 Bf6 16. Bb2 c6 17. d5 e5 18. dxc6 Bxc6 19. Ba3 Qb6+ 20. Kg2 Qa5 21. Bb2
Rad8 22. Nd5 Bxd5 23. Qxd5+ Qxd5 24. exd5 a6 25. Rad1 e4 26. Bxf6 gxf6 27. Rf4
Rde8 28. g4 Kg7 29. Rd4 e3 30. Rde4 Kg6 31. Kf3 Re5 32. Rxe5 dxe5 33. Re4 Kg5
34. Rxe3 h5 35. gxh5 Kxh5 36. c5 Kg5 37. a4 Rh8 38. Kg3 Rh4 39. h3 Rd4 40. Rd3
Re4 41. d6 Rxe2 42. d7 Re1 43. d8=Q Rg1+ 44. Kf2 Rh1 45. Rg3+ Kf4 46. Qxf6+
{Black resigns} 1-0

[Event "Team 45 45 League T51"]
[Site "Internet Chess Club"]
[Date "2011.11.14"]
[Round "1"]
[White "Bible-Believer"]
[Black "milesotoole"]
[Result "1-0"]
[WhiteElo "1456"]
[BlackElo "1559"]
[Opening "Sicilian: dragon variation"]
[ECO "B70"]
[Time "21:30:35"]
[TimeControl "2700+45"]

1. e4 c5 2. Nf3 d6 3. d4 cxd4 4. Nxd4 Nf6 5. Nc3 g6 6. Bg5 Bg7 7. f4 O-O 8. Qd2
Bd7 9. O-O-O Qa5 10. Kb1 Nc6 11. Nb3 Qb4 12. Bxf6 Bxf6 13. e5 Bg7 14. exd6 Bxc3
15. bxc3 Qxd6 16. Qxd6 exd6 17. Rxd6 Be6 18. Nc5 Bc8 19. Bb5 Ne7 20. Nd7 Nf5 21.
Rd3 a6 22. Nxf8 {Black resigns} 1-0

[Event "Team 45 45 League T51"]
[Site "Internet Chess Club"]
[Date "2011.11.13"]
[Round "1"]
[White "sdcohle"]
[Black "mrmarck"]
[Result "1-0"]
[WhiteElo "1380"]
[BlackElo "1299"]
[Opening "QGD semi-Slav: 5.e3"]
[ECO "D45"]
[Time "14:00:24"]
[TimeControl "2700+45"]

1. d4 d5 2. c4 e6 3. Nc3 Nf6 4. Nf3 c6 5. e3 Bb4 6. a3 Bxc3+ 7. bxc3 O-O 8. Bd3
Nbd7 9. O-O c5 10. cxd5 cxd4 11. dxe6 fxe6 12. exd4 b6 13. Ng5 Qe8 14. Bc4 Nd5
15. Qc2 N7f6 16. Re1 Bd7 17. Bxd5 Nxd5 18. Qxh7# {Black checkmated} 1-0

[Event "Team 45 45 League T51"]
[Site "Internet Chess Club"]
[Date "2011.11.13"]
[Round "1"]
[White "PT105"]
[Black "chicopee-ed"]
[Result "1-0"]
[WhiteElo "1334"]
[BlackElo "1341"]
[Opening "Pirc: Ufimtsev-Pytel variation"]
[ECO "B07"]
[Time "16:00:22"]
[TimeControl "2700+45"]

1. e4 d6 2. d4 Nf6 3. Nc3 c6 4. Bg5 Nbd7 5. Nf3 h6 6. Bh4 Qa5 7. Bd3 e5 8. dxe5
dxe5 9. O-O Bb4 10. Ne2 Be7 11. a3 Qc7 12. Bc4 Nxe4 13. Bxe7 Kxe7 14. Re1 Ndf6
15. Nc3 Nxc3 16. Rxe5+ Be6 17. bxc3 Rad8 18. Qe2 Rd6 19. Nd4 Qd7 20. Nf5+ Kd8
21. Nxd6 Kc7 22. Nxf7 Bxf7 23. Re7 Bxc4 24. Rxd7+ Nxd7 25. Qxc4 Re8 26. Qf7 Re2
27. Rd1 Kb6 28. Qxd7 Rxc2 29. Qxg7 Ra2 30. f4 Rxa3 31. f5 Ra4 32. f6 Rf4 33. f7
a5 34. f8=Q Rxf8 35. Qxf8 a4 36. Rb1+ Kc7 37. Qe7+ {Black resigns} 1-0

[Event "Team 45 45 League T51"]
[Site "Internet Chess Club"]
[Date "2011.11.13"]
[Round "1"]
[White "Ostap-Bender"]
[Black "BotanicalKnight"]
[Result "0-1"]
[WhiteElo "1421"]
[BlackElo "1567"]
[Opening "Dutch defense"]
[ECO "A90"]
[Time "20:00:20"]
[TimeControl "2700+45"]

1. d4 f5 2. g3 e6 3. Bg2 Nf6 4. c4 d5 5. Nh3 Be7 6. Bf4 O-O 7. O-O c6 8. Nd2
Nbd7 9. Qc2 Nh5 10. Nf3 h6 11. Ne5 Nxf4 12. Nxf4 Nxe5 13. dxe5 Qe8 14. cxd5 exd5
15. Rad1 g5 16. Nh3 Be6 17. f4 g4 18. Nf2 h5 19. Rd3 h4 20. Rfd1 Kg7 21. e3 Rh8
22. Nh1 Qh5 23. Qf2 Rh6 24. Bf1 Rah8 25. R1d2 Qf7 26. a3 a5 27. Rc3 R8h7 28. Bd3
Qf8 29. Rcc2 Qh8 30. b4 axb4 31. axb4 Bxb4 32. Re2 c5 33. Ra2 hxg3 34. Nxg3 Kg6
35. Ra7 c4 36. Bb1 Bc5 37. Nf1 Bxa7 38. Ra2 b5 39. Ra5 b4 40. Qa2 Qb8 41. Ra6
Bb6 42. Ra8 Qb7 43. Ra6 b3 44. Qa4 Bd7 45. Qa3 Qc6 46. Qb4 Bxe3+ 47. Nxe3 Qxa6
48. Nxd5 Qe6 49. Qxc4 Rxh2 50. Bxf5+ Qxf5 51. Ne3 Qb1+ 52. Nf1 Rh1+ 53. Kg2
Qxf1+ 54. Qxf1 Rxf1 55. Kxf1 b2 {White resigns} 0-1

[Event "Team 45 45 League T51"]
[Site "Internet Chess Club"]
[Date "2011.11.14"]
[Round "1"]
[White "The-Capitalist"]
[Black "Zyme"]
[Result "1-0"]
[WhiteElo "1388"]
[BlackElo "1372"]
[Opening "French: classical, Pollock variation"]
[ECO "C14"]
[Time "18:00:52"]
[TimeControl "2700+45"]

1. e4 e6 2. d4 d5 3. Nc3 Nf6 4. Bg5 Be7 5. e5 Nfd7 6. Bxe7 Qxe7 7. Qg4 f5 8.
Qh5+ g6 9. Qh6 c5 10. Nf3 cxd4 11. Nb5 Qb4+ 12. c3 dxc3 13. bxc3 Qf8 14. Nc7+
Ke7 15. Qxf8+ Rxf8 16. Nxa8 Na6 17. Bxa6 bxa6 18. Nc7 Bb7 19. Nd4 Nc5 20. Nb3
Nd3+ 21. Ke2 Nxe5 22. Nc5 Rc8 23. Nxb7 Rxc7 24. Na5 Rxc3 25. Rhc1 Ra3 26. Nc6+
Kd6 27. Nxe5 Kxe5 28. Rc7 d4 29. Rxh7 Ke4 30. f3+ Ke5 31. Rxa7 f4 32. Rd7 Rc3
33. Re1 Kf5 34. Rxd4 e5 35. Ra4 Rc6 36. g4+ Kf6 37. h4 Rc2+ 38. Kd3 Rf2 39.
Rxa6+ Kg7 40. Rxe5 Rxf3+ 41. Ke4 Re3+ 42. Kxf4 Rxe5 43. Kxe5 Kh6 44. Ra7 g5 45.
Kf5 gxh4 46. g5+ Kh5 47. Rh7# {Black checkmated} 1-0

[Event "Team 45 45 League T51"]
[Site "Internet Chess Club"]
[Date "2011.11.12"]
[Round "1"]
[White "AtomicDog"]
[Black "PostMike"]
[Result "1-0"]
[WhiteElo "1440"]
[BlackElo "1408"]
[Opening "Sicilian: Najdorf"]
[ECO "B90"]
[Time "13:30:28"]
[TimeControl "2700+45"]

1. e4 c5 2. Nf3 d6 3. d4 cxd4 4. Nxd4 Nf6 5. Nc3 a6 6. f3 e5 7. Nb3 Be6 8. Be3
Be7 9. Qd2 O-O 10. g4 b5 11. g5 Nfd7 12. O-O-O b4 13. Nd5 Bxd5 14. exd5 a5 15.
Qg2 a4 16. Nd2 Na6 17. h4 Qa5 18. Nc4 Qc7 19. h5 b3 20. Kb1 bxc2+ 21. Qxc2 Nb4
22. Qe4 Qb7 23. a3 Na6 24. Bd3 g6 25. hxg6 fxg6 26. Qh4 Rf7 27. Bxg6 Rg7 28.
Bxh7+ Kf7 29. Qh5+ Kf8 {Black resigns} 1-0

[Event "Team 45 45 League T51"]
[Site "Internet Chess Club"]
[Date "2011.11.13"]
[Round "1"]
[White "danmend"]
[Black "AlPearson"]
[Result "1-0"]
[WhiteElo "1151"]
[BlackElo "1270"]
[Opening "Caro-Kann: Panov-Botvinnik attack"]
[ECO "B13"]
[Time "17:00:41"]
[TimeControl "2700+45"]

1. e4 c6 2. d4 d5 3. exd5 cxd5 4. c4 dxc4 5. Bxc4 Nc6 6. Nf3 Bg4 7. Be3 Nf6 8.
d5 Nb4 9. Qa4+ Nc6 10. dxc6 bxc6 11. Qxc6+ Bd7 12. Qc5 Rc8 13. Qd4 e6 14. Be2
Bc5 15. Qd2 O-O 16. Nc3 Qb6 17. Bxc5 Rxc5 18. O-O Rfc8 19. Bd3 Nd5 20. Nxd5 Rxd5
21. Qe2 Bb5 22. Rad1 Bxd3 23. Rxd3 Rdc5 24. Rfd1 g6 25. h3 Rc2 26. R3d2 R2c5 27.
Ne5 Qa5 28. Nd7 Rh5 29. Nf6+ Kg7 30. Nxh5+ gxh5 31. Rd3 Qxa2 32. Rg3+ Kf8 33.
Qxh5 Qxb2 34. Qh6+ Ke8 35. Rg8+ Ke7 36. Qg5+ f6 37. Qg7# {Black checkmated} 1-0

[Event "Team 45 45 League T51"]
[Site "Internet Chess Club"]
[Date "2011.11.13"]
[Round "1"]
[White "bshribharath"]
[Black "tsia68"]
[Result "1/2-1/2"]
[WhiteElo "1752"]
[BlackElo "1847"]
[Opening "French: classical, Steinitz variation"]
[ECO "C14"]
[Time "00:33:55"]
[TimeControl "2700+45"]

1. e4 e6 2. d4 d5 3. Nc3 Nf6 4. Bg5 Be7 5. e5 Nfd7 6. Bxe7 Qxe7 7. f4 a6 8. Nf3
c5 9. Qd2 Nc6 10. O-O-O c4 11. g4 Nb6 12. Bg2 Bd7 13. Ne1 O-O-O 14. Rf1 h5 15.
h3 hxg4 16. hxg4 Rh4 17. Bf3 Rdh8 18. Ng2 Rh2 19. f5 f6 20. Qf4 R2h6 21. Ne3 Rd8
22. Bxd5 fxe5 23. dxe5 Nxd5 24. Nexd5 exd5 25. Nxd5 Qxe5 26. Qxc4 Kb8 27. Rfe1
Qg3 28. Re3 Qh4 29. Nb6 Bc8 30. Rh3 Rxd1+ 31. Kxd1 Qxh3 32. Qf4+ Ka7 33. Nxc8+
Ka8 34. Nb6+ Ka7 {Game drawn by mutual agreement} 1/2-1/2